 Dungeon Crawl Stone Soup version 0.30-a0-305-g026cb31310 (webtiles) character file.

Game seed: 5396770327769379398

56937 hikkokomori the Geomancer (level 14, -1/94 HPs)
             Began as a Gargoyle Earth Elementalist on Oct 23, 2022.
             Was a High Priest of Vehumet.
             Slain by a spectral anaconda (5 damage)
             ... on level 5 of the Lair of Beasts on Oct 24, 2022.
             The game lasted 01:28:23 (21802 turns).

hikkokomori the Geomancer (GrEE)                   Turns: 21802, Time: 01:28:23

Health: -1/94      AC: 20    Str: 20    XL:     14   Next: 83%
Magic:  6/35       EV: 11    Int: 18    God:    Vehumet [*****.]
Gold:   1189       SH:  7    Dex: 12    Spells: 4/29 levels left

rFire   . . .      SeeInvis +    d - +8 mace "Uzoh" {protect, rF- Str+3 SInv}
rCold   . . .      Faith    .    Y - +2 buckler
rNeg    + . .      Spirit   .    T - +0 troll leather armour
rPois   ∞          Reflect  .    h - +2 hat "Zailont" {Str+4}
rElec   +          Harm     .    o - +1 cloak {rPois}
rCorr   .          Rampage  .    (no gloves)
Will    +....                    (no boots)
Stlth   +++.......               K - amulet of magic regeneration
HPRegen 1.15/turn                c - ring of magical power
MPRegen 0.64/turn                i - +4 ring of slaying

@: flying, constricted
A: sickness immunity, AC +10, big wings, negative energy resistance 1,
electricity resistance, torment resistance 1, petrification resistance, antennae
1, fire resistance 1
a: Renounce Religion


You were on level 5 of the Lair of Beasts.
You worshipped Vehumet.
Vehumet was extremely pleased with you.
You visited 4 branches of the dungeon, and saw 20 of its levels.
You also visited: Ossuary.

You collected 1360 gold pieces.
You spent 171 gold pieces at shops.

Inventory:

Hand Weapons
 d - the +8 mace "Uzoh" (weapon) {protect, rF- Str+3 SInv}
   (You found it on level 2 of the Dungeon)

   It grants its wielder temporary protection when it strikes (+7 to AC).
   Str:       It affects your strength (+3).
   rF:        It makes you vulnerable to fire.
   SInv:      It lets you see invisible.
 n - a +3 long sword of freezing
 z - a +3 morningstar
 F - the +5 rapier "Uplor" {vorpal, rF+}
   (You took it off a centaur on level 12 of the Dungeon)

   It inflicts extra damage upon your enemies.
   rF:        It protects you from fire.
 Z - the +5 dagger of Byestash {venom, rC+}
   (You found it on level 11 of the Dungeon)

   It poisons the flesh of those it strikes.
   rC:        It protects you from cold.
Missiles
 w - 7 throwing nets
Armour
 h - the +2 hat "Zailont" (worn) {Str+4}
   (You acquired it on level 7 of the Dungeon)

   Str:       It affects your strength (+4).
 o - a +1 cloak of poison resistance (worn)
 L - a +0 kite shield
 T - a +0 troll leather armour (worn)
 W - a +2 robe of cold resistance
 Y - a +2 buckler (worn)
Magical Staves
 X - a staff of conjuration
Jewellery
 c - a ring of magical power (left hand)
 i - a +4 ring of slaying (right hand)
 q - a +6 ring of strength
 x - a ring of see invisible
 E - a ring of willpower
 K - an amulet of magic regeneration (around neck)
 R - a ring of protection from cold
 S - an amulet of reflection
Wands
 a - a wand of polymorph (8)
 k - a wand of charming (21)
 B - a wand of flame (10)
 C - a wand of acid (1)
Scrolls
 e - a scroll of immolation
 j - 4 scrolls of blinking
 s - a scroll of magic mapping
 v - 2 scrolls of amnesia
 y - 6 scrolls of teleportation
 A - a scroll of fear
 D - a scroll of poison
 G - 2 scrolls of identify
 H - a scroll of silence {unknown}
 M - 2 scrolls of summoning {unknown}
 P - 3 scrolls of fog
 Q - 2 scrolls of noise
 U - 4 scrolls of enchant armour
 V - 3 scrolls of enchant weapon
Potions
 b - 2 potions of magic
 f - 3 potions of attraction
 g - 5 potions of heal wounds
 l - 2 potions of cancellation
 m - 5 potions of mutation
 p - 5 potions of flight
 r - 2 potions of brilliance
 u - 3 potions of haste
 I - 5 potions of curing
 J - a potion of might
 N - 2 potions of berserk rage
 O - 4 potions of ambrosia


   Skills:
 + Level 13.4 Fighting
 + Level 2.0 Maces & Flails
 - Level 7.8 Armour
 - Level 8.0 Dodging
 - Level 6.0 Stealth
 + Level 5.2 Shields
 + Level 8.1 Spellcasting
 - Level 11.5 Conjurations
 - Level 0.7 Transmutations
 - Level 3.0 Fire Magic
 - Level 14.5 Earth Magic


You had 4 spell levels left.
You knew the following spells:

 Your Spells              Type           Power      Damage    Failure   Level
b - Passwall              Tmut/Erth      28%        N/A       1%          2
c - Stone Arrow           Conj/Erth      100%       3d13      1%          3
d - Petrify               Tmut/Erth      34%        N/A       6%          4
e - Scorch                Fire           36%        2d6       1%          2
f - Dazzling Flash        Conj/Hex       56%        N/A       1%          3
g - Iron Shot             Conj/Erth      26%        9d6       2%          6
h - Lee's Rapid Deconstr  Erth           28%        3d15*     1%          5

Your spell library contained the following spells:

 Spells                   Type           Power      Damage    Failure   Level
 Starburst                Conj/Fire      16%        6d6       26%         6
 Sandblast                Erth           100%       2d20      1%          1
 Static Discharge         Conj/Air       56%        2-5/arc   1%          2
 Flame Wave               Conj/Fire      33%        2d10      1%          4
 Sticky Flame             Conj/Fire      33%        2d5       1%          4
 Inner Flame              Hex/Fire       12%        N/A       6%          3
 Leda's Liquefaction      Hex/Erth       16%        N/A       7%          4
 Call Canine Familiar     Summ           7%         N/A       38%         3
 Ozocubu's Armour         Ice            7%         N/A       38%         3
 Portal Projectile        Hex/Tloc       14%        N/A       38%         3
 Tukima's Dance           Hex            7%         N/A       38%         3
 Vhi's Electric Charge    Tloc/Air       14%        N/A       38%         3
 Animate Dead             Necr           7%         N/A       80%         4
 Arcjolt                  Conj/Air       14%        1d24      11%         5
 Lightning Bolt           Conj/Air       14%        1d27      11%         5
 Blade Hands              Tmut           4%         N/A       96%         5
 Summon Cactus Giant      Summ           3%         N/A       100%        6
 Haunt                    Necr/Summ      3%         N/A       100%        7
 Ozocubu's Refrigeration  Ice            3%         4d8       100%        7
 Infestation              Necr           3%         N/A       100%        8


Dungeon Overview and Level Annotations

Branches:
Dungeon (12/15)            Temple (1/1) D:6            Lair (5/5) D:10
 Shoals (0/4) Lair:3       Spider (0/4) Lair:3        Slime (0/5) Lair:4
    Orc (2/2) D:12            Elf (0/3) Orc:2       Ossuary (visited)

Altars:
Cheibriados
Dithmenos
Elyvilon
Gozag
Hepliaklqana
Makhleb
Sif Muna
Trog
Vehumet
Wu Jian
Xom
Yredelemnul
The Shining One
Jiyva

Shops:
D:2 ??*!(   D:3 [   D:4 (([*   D:6 !   Orc:2 =[(*

Portals:
Trove: D:10 (give scythe of Curses)

Annotations:
D:8 5 runed translucent doors, baller8008's ghost, novice HOFi
D:10 2 runed translucent doors, Iusername's ghost, journeyman MiFi
D:12 Jorgrun


Innate Abilities, Weirdness & Mutations

You are immune to sickness and miasma.
Your stone body is resilient. (AC +10)
You are immune to poison.
Your large and strong wings let you fly.
You resist negative energy. (rN+)
You are resistant to electric shocks. (rElec)
You are resistant to unholy torment.
You are immune to petrification.
You have a pair of small antennae on your head.
Your flesh is heat resistant. (rF+)


Message History

The spectral anaconda constricts you.
The spectral anaconda barely misses you.
The spectral anaconda constricts you.
* * * LOW HITPOINT WARNING * * *
Unknown command.
Unknown command.
Blink to where?
Press: ? - help, Dir - move target, p - spectral anaconda
Okay, then.
Okay, then.
You completely miss the spectral anaconda.
The spectral anaconda is almost destroyed.
The spectral anaconda bites you but does no damage.
The spectral anaconda constricts you.
You block the spectral anaconda's attack.
The spectral anaconda constricts you.
Unknown command.
You thump the spectral anaconda!
The spectral anaconda is almost destroyed.
The spectral anaconda bites you.
* * * LOW HITPOINT WARNING * * *
The spectral anaconda constricts you.
You block the spectral anaconda's attack.
The spectral anaconda constricts you.
You feel better.
The spectral anaconda bites you but does no damage.
The spectral anaconda constricts you.
You block the spectral anaconda's attack.
The spectral anaconda constricts you.
Unknown command.
You completely miss the spectral anaconda.
The spectral anaconda is almost destroyed.
The spectral anaconda is no longer covered in acid.
The spectral anaconda bites you!
* * * LOW HITPOINT WARNING * * *
The spectral anaconda constricts you.
* * * LOW HITPOINT WARNING * * *
The spectral anaconda bites you but does no damage.
The spectral anaconda constricts you. The spectral anaconda bites you.
You die...

....P..........♣#...#8Y8#
..##...........##†####†##
P.≈≈...........#..#~.pZ#
.≈≈............#.##~≈~..
..≈....#...##..#.#~~≈≈~~#
......###.###..#.#.~≈≈≈~#
..........P....#.##.≈≈~##
............P#.#Z####''#
.........#.....#@8##8..8
~.....P##.#....'..8#....
≈≈.....####....'.⌠P#....
.......## ###..'..8#.((.
....P...## #...#.8##8$)8
....##..P#####.#.#######
#..##....#.##..#.##8[:8##
...####........#.#......#
...# ####.....♣#.#......#


You could see a spectral anaconda.

Vanquished Creatures
  Saint Roka (Orc:2)
  Rupert (Orc:2)
  Gastronok (D:8)
  5 dire elephants (Lair:5)
  2 hydras (Lair:5)
  Fannar (Lair:1)
  A catoblepas (Lair:2)
  An orc high priest (Orc:2)
  2 death yaks (Lair:3)
  5 two-headed ogres
  2 boulder beetles
  Nergalle (Orc:2)
  Pikel (D:8)
  3 orc knights (Orc:2)
  A deep elf pyromancer (D:12)
  7 orc sorcerers (Orc:2)
  An ugly thing (D:11)
  A necromancer (Lair:5)
  2 oklob plants (Lair:4)
  2 black mambas
  8 elephants
  A manticore (D:11)
  A dire elephant zombie (Lair:5)
  A torpor snail (Lair:4)
  A merfolk siren (Lair:3)
  A gargoyle (D:11)
  An unseen horror (D:11)
  7 cane toads
  A rime drake (Lair:5)
  A dire elephant skeleton (Lair:5)
  A demonic crawler (Lair:2)
  8 komodo dragons
  3 merfolk (Lair:3)
  8 trolls
  3 polar bears
  Prince Ribbit (D:8)
  4 blink frogs (Lair:5)
  A spectral elephant (Lair:5)
  6 dream sheep (Lair:5)
  A slime creature (Lair:1)
  Sigmund (D:2)
  5 wyverns
  A vampire (D:11)
  A shadow (D:9)
  35 yaks
  A steam dragon (D:8)
  6 vampire mosquitoes (D:12)
  Grum (D:8)
  2 wargs (Orc:2)
  A spectral cane toad (Lair:5)
  A death yak simulacrum (Lair:5)
  3 acid dragons
  9 water moccasins
  A swamp drake (D:12)
  22 orc warriors
  A sky beast (D:7)
  A black bear (Lair:1)
  3 ice beasts
  4 ogres
  12 centaurs
  9 wolves
  3 lemures (D:8)
  2 phantoms
  An elephant skeleton (Lair:5)
  A kobold brigand (D:9)
  7 bullfrogs
  Blork the orc (Orc:2)
  A cane toad simulacrum (Lair:5)
  A gnoll sergeant (D:6)
  8 scorpions
  5 water moccasin zombies (Ossuary)
  16 wights
  2 elephant simulacra (Lair:5)
  3 killer bees
  A howler monkey (D:10)
  A crimson imp (D:4)
  2 hounds
  18 orc priests
  6 jellies
  Crazy Yiuf (D:2)
  3 gnoll boudas
  26 orc wizards
  Terence (D:3)
  6 iguanas
  3 mummies
  8 adders
  25 gnolls
  A shadow imp (D:6)
  2 white imps
  An ufetubus (D:6)
  4 adder zombies (Ossuary)
  3 worms
  2 dart slugs
  59 orcs
  2 ball pythons (D:1)
  8 bats
  24 endoplasms
  4 giant cockroaches
  3 gnoll zombies (Ossuary)
  4 goblins
  2 hobgoblins
  4 quokkas
  3 frilled lizards
  7 hobgoblin zombies
  6 kobolds
  4 kobold zombies (Ossuary)
  7 orc zombies (Ossuary)
  6 rats
528 creatures vanquished.

Vanquished Creatures (collateral kills)
  An orc wizard (Orc:2)
1 creature vanquished.

Vanquished Creatures (others)
  An orc warrior (Orc:2)
  An endoplasm (Lair:1)
  27 fungi
  17 plants
  16 withered plants (Lair:5)
62 creatures vanquished.

Grand Total: 591 creatures vanquished

Notes
Turn   | Place    | Note
-------+----------+-------------------------------------------
     0 | D:1      | hikkokomori the Gargoyle Earth Elementalist began the quest
                  | for the Orb.
     0 | D:1      | Reached XP level 1. HP: 10/10 MP: 3/3
   137 | D:1      | Reached skill level 1 in Fighting
   161 | D:1      | Reached XP level 2. HP: 16/16 MP: 3/5
   162 | D:1      | Reached skill level 4 in Earth Magic
   770 | D:1      | Reached XP level 3. HP: 21/21 MP: 3/6
   925 | D:2      | Found Niptosm's General Store.
   975 | D:2      | Found Zimes's Antique Weapon Shop.
   990 | D:2      | Found Doboemys's Distillery.
  1026 | D:2      | Identified the +8 mace "Uzoh" {protect, rF- Str+3 SInv}
  1138 | D:2      | Found Valovi's Magic Scroll Shop.
  1152 | D:2      | Bought a scroll of identify for 28 gold pieces
  1197 | D:2      | Found Pahorher's Magic Scroll Shop.
  1198 | D:2      | Noticed Sigmund
  1233 | D:3      | Noticed Terence
  1288 | D:3      | Learned a level 2 spell: Passwall
  1292 | D:3      | Learned a level 3 spell: Stone Arrow
  1299 | D:2      | Gained mutation: You have a pair of small antennae on your
                  | head. [potion of mutation]
  1299 | D:2      | Gained mutation: Your flesh is heat resistant. (rF+)
                  | [potion of mutation]
  1308 | D:2      | Killed Sigmund
  1309 | D:2      | Reached skill level 5 in Earth Magic
  1309 | D:2      | Reached XP level 4. HP: 25/28 MP: 7/7
  1309 | D:2      | Reached XP level 5. HP: 29/32 MP: 8/8
  1382 | D:2      | Found a basalt altar of Yredelemnul.
  1435 | D:2      | Found a runed translucent door.
  1436 | D:2      | Noticed Crazy Yiuf
  1605 | D:2      | Killed Crazy Yiuf
  1606 | D:2      | Reached XP level 6. HP: 16/38 MP: 9/9
  1722 | D:3      | Killed Terence
  1864 | D:3      | Found Wykhlo Ekorik's Antique Armour Emporium.
  2138 | D:3      | Reached skill level 6 in Earth Magic
  2490 | D:4      | Reached XP level 7. HP: 44/44 MP: 10/10
  2535 | D:4      | Found Wuewais's Armour Boutique.
  2587 | D:4      | Found Poacoppo's Weapon Emporium.
  2604 | D:4      | Found Suorphaug's Weapon Boutique.
  2842 | D:4      | Reached skill level 5 in Fighting
  3494 | D:4      | Found Lashrusma's General Store.
  3581 | D:5      | Entered Level 5 of the Dungeon
  3589 | D:4      | Reached skill level 7 in Earth Magic
  3838 | D:5      | Learned a level 4 spell: Petrify
  3858 | D:5      | Reached XP level 8. HP: 50/50 MP: 11/11
  3896 | D:5      | Found a hazy altar of Hepliaklqana.
  3901 | D:5      | Reached skill level 5 in Conjurations
  3952 | D:5      | Found a shadowy altar of Dithmenos.
  3958 | D:5      | Found a glowing golden altar of the Shining One.
  3961 | D:5      | Found a white marble altar of Elyvilon.
  3963 | D:5      | Found a basalt altar of Yredelemnul.
  3968 | D:5      | Found a bloodstained altar of Trog.
  4563 | D:5      | Reached skill level 8 in Earth Magic
  5325 | D:6      | Found a staircase to the Ecumenical Temple.
  5340 | Temple   | Entered the Ecumenical Temple
  5350 | Temple   | Became a worshipper of Vehumet
  5386 | D:6      | Reached XP level 9. HP: 48/57 MP: 12/12
  5529 | D:6      | Found Heamebuo's Distillery.
  5538 | D:6      | Bought a potion of berserk rage for 55 gold pieces
  5538 | D:6      | Bought a potion of curing for 33 gold pieces
  5538 | D:6      | Bought a potion of heal wounds for 55 gold pieces
  5582 | D:6      | Reached skill level 9 in Earth Magic
  5933 | D:7      | Identified a scroll of acquirement
  5933 | D:7      | Acquired the +2 hat "Zailont" {Str+4}
  6066 | D:7      | Found a sand-covered staircase.
  6160 | Ossuary  | Entered an ossuary
  6200 | Ossuary  | Reached * piety under Vehumet
  6200 | Ossuary  | Offered knowledge of Kiss of Death by Vehumet.
  6353 | Ossuary  | Reached ** piety under Vehumet
  6483 | D:7      | Offered knowledge of Shock by Vehumet.
  6534 | D:7      | Reached skill level 10 in Earth Magic
  6880 | D:8      | Noticed Gastronok
  7316 | D:8      | Identified the +1 robe "Hyafyadwo" {-Cast rF+ rN+}
  7316 | D:8      | Noticed a kobold demonologist
  7349 | D:8      | Found a large runed translucent door.
  7349 | D:8      | Found a large runed translucent door.
  7351 | D:8      | Found a shimmering altar of Xom.
  7351 | D:8      | Noticed a brown ugly thing
  7351 | D:8      | Noticed a kobold demonologist
  7442 | D:8      | Noticed a troll
  7444 | D:8      | Killed a troll
  7445 | D:8      | Reached XP level 10. HP: 65/65 MP: 13/13
  7675 | D:8      | Noticed Grum
  7688 | D:8      | Reached skill level 1 in Armour
  7727 | D:8      | Killed Grum
  7786 | D:8      | Noticed a skeletal warrior
  7790 | D:8      | Noticed baller8008's ghost (novice HOFi)
  7815 | D:8      | Noticed Pikel
  7847 | D:8      | Killed Pikel
  7967 | D:8      | Found a runed translucent gate.
  7968 | D:8      | Found a runed translucent gate.
  7969 | D:8      | Found a runed translucent gate.
  7970 | D:8      | Noticed a cyclops
  8025 | D:8      | Noticed Prince Ribbit
  8039 | D:8      | Killed Gastronok
  8040 | D:8      | Reached skill level 11 in Earth Magic
  8042 | D:8      | Killed Prince Ribbit
  8117 | D:8      | Offered knowledge of Searing Ray by Vehumet.
  8360 | D:9      | Learned a level 2 spell: Scorch
  8390 | D:9      | Noticed a two-headed ogre
  8402 | D:9      | Killed a two-headed ogre
  8403 | D:9      | Reached skill level 10 in Fighting
  8403 | D:9      | Reached skill level 1 in Fire Magic
  8403 | D:9      | Reached XP level 11. HP: 28/72 MP: 6/14
  8750 | D:9      | Found a burning altar of Makhleb.
  8762 | D:9      | Reached *** piety under Vehumet
  9365 | D:10     | Entered Level 10 of the Dungeon
  9459 | D:10     | Found a staircase to the Lair.
  9467 | D:10     | Reached skill level 5 in Armour
  9474 | D:10     | Found a portal to a secret trove of treasure.
  9600 | D:10     | Offered knowledge of Dazzling Flash by Vehumet.
  9615 | D:10     | Learned a level 3 spell: Dazzling Flash
  9670 | D:10     | Noticed Iusername's ghost (journeyman MiFi)
  9670 | D:10     | Noticed a skeletal warrior
  9797 | D:10     | Found a runed translucent door.
  9799 | D:10     | Found a runed translucent door.
  9799 | D:10     | Noticed a yaktaur captain
  9804 | D:10     | Noticed a lich
  9805 | D:10     | Noticed a manticore
  9806 | D:10     | Noticed a stone giant
  9808 | D:10     | Noticed a necromancer
 10143 | D:10     | Reached skill level 12 in Earth Magic
 10335 | Lair:1   | Entered Level 1 of the Lair of Beasts
 10682 | Lair:1   | Reached **** piety under Vehumet
 10728 | Lair:1   | Offered knowledge of Fulminant Prism by Vehumet.
 10762 | Lair:1   | Noticed Fannar
 10790 | Lair:1   | Killed Fannar
 10791 | Lair:1   | Reached skill level 5 in Dodging
 10895 | Lair:1   | Identified the amulet of the Bedazzling Gods {-Cast +Blink
                  | Regen+ Str+7 Int-4}
 11567 | Lair:2   | Noticed a boulder beetle
 11577 | Lair:2   | Killed a boulder beetle
 11578 | Lair:2   | Reached skill level 5 in Spellcasting
 11578 | Lair:2   | Reached XP level 12. HP: 56/79 MP: 10/19
 12530 | D:11     | Noticed a two-headed ogre
 12537 | D:11     | Killed a two-headed ogre
 12871 | D:11     | Identified the +6 long sword "Zothriw" {pain, rF++}
 13064 | D:11     | Noticed a two-headed ogre
 13070 | D:11     | Killed a two-headed ogre
 13194 | D:11     | Identified the +5 dagger of Byestash {venom, rC+}
 13487 | D:12     | Identified the +5 rapier "Uplor" {vorpal, rF+}
 13643 | D:12     | Noticed a two-headed ogre
 13757 | D:12     | Noticed Jorgrun
 13914 | D:12     | Noticed a two-headed ogre
 13919 | D:12     | Reached ***** piety under Vehumet
 13919 | D:12     | Offered knowledge of Iron Shot by Vehumet.
 13923 | D:12     | Killed a two-headed ogre
 13935 | D:12     | Learned a level 6 spell: Iron Shot
 13994 | D:12     | Found a staircase to the Orcish Mines.
 14026 | Orc:1    | Entered Level 1 of the Orcish Mines
 14072 | Orc:2    | Entered Level 2 of the Orcish Mines
 14251 | Orc:2    | Noticed a two-headed ogre
 14258 | Orc:2    | Killed a two-headed ogre
 14411 | Orc:2    | Noticed Sonja
 14415 | Orc:2    | Sonja changed into Sonja the wolf
 14415 | Orc:2    | Noticed Sonja
 14420 | Orc:2    | Killed Sonja the wolf
 14421 | Orc:2    | Reached XP level 13. HP: 86/86 MP: 24/24
 14783 | Orc:2    | Noticed Rupert
 14791 | Orc:2    | Killed Rupert
 14901 | Orc:2    | Noticed Nergalle
 14912 | Orc:2    | Killed Nergalle
 15039 | Orc:1    | You fall into a shaft and drop 1 floor!
 15331 | Orc:2    | Found a staircase to the Elven Halls.
 15469 | Orc:2    | Noticed Saint Roka
 15934 | Orc:2    | Offered knowledge of Lee's Rapid Deconstruction by Vehumet.
 16177 | Orc:2    | Reached skill level 13 in Earth Magic
 16302 | Orc:2    | Noticed Blork the orc
 16318 | Orc:2    | Killed Blork the orc
 16499 | Orc:2    | Reached skill level 5 in Stealth
 16509 | Orc:2    | Learned a level 5 spell: Lee's Rapid Deconstruction
 16514 | Orc:2    | Paralysed by an orc sorcerer for 2 turns
 17308 | Orc:2    | Reached skill level 10 in Conjurations
 17318 | Orc:2    | Killed Saint Roka
 17390 | Orc:2    | Found Geupp's Antique Weapon Shop.
 17406 | Orc:2    | Found Ethaggi's Jewellery Shop.
 17428 | Orc:2    | Found Nifuzal's Antique Armour Shop.
 17508 | Orc:2    | Found Laurinav's General Store.
 17720 | Lair:3   | Found a hole to the Spider Nest.
 18736 | Lair:3   | Found a staircase to the Shoals.
 18840 | Lair:3   | Gained mutation: Your large and strong wings let you fly.
                  | [Gargoyle growth]
 18840 | Lair:3   | Reached XP level 14. HP: 92/92 MP: 25/25
 19255 | Lair:3   | Reached skill level 1 in Shields
 19447 | Lair:4   | Reached skill level 14 in Earth Magic
 19951 | Lair:4   | Found a viscous altar of Jiyva.
 19953 | Lair:4   | Found a staircase to the Slime Pits.
 20173 | Lair:4   | Identified the +5 morningstar "Linif" {vorpal, rF++ Int-3
                  | Dex+5}
 20434 | Lair:5   | Entered Level 5 of the Lair of Beasts
 20525 | Lair:5   | Offered knowledge of Starburst by Vehumet.
 21009 | Lair:5   | Noticed a dire elephant
 21009 | Lair:5   | Noticed a dire elephant
 21010 | Lair:5   | Noticed a dire elephant
 21010 | Lair:5   | Noticed a dire elephant
 21428 | Lair:5   | Noticed a dire elephant
 21436 | Lair:5   | Killed a dire elephant
 21437 | Lair:5   | Reached skill level 1 in Maces & Flails
 21740 | Lair:5   | Killed a dire elephant
 21760 | Lair:5   | Killed a dire elephant
 21761 | Lair:5   | Reached skill level 5 in Shields
 21780 | Lair:5   | Killed a dire elephant
 21794 | Lair:5   | Killed a dire elephant
 21802 | Lair:5   | HP: 4/94 [constriction (1)]
 21802 | Lair:5   | Slain by a spectral anaconda

Illustrated notes

Levels and vault maps discovered:
D:1:      beargit_arrival_greenhouse, layout_basic
D:2:      cheibrodos_helix_gallery, layout_rooms, serial_shops,
          nicolae_shop_behind_doors, shop, shop_fountains, shop, shop,
          basic_altar, uniq_crazy_yiuf_cottage, uniq_sigmund
D:3:      layout_basic, serial_shops, nicolae_shop_window_shopping,
          item_on_display_a, uniq_terence
D:4:      layout_basic, serial_shops, nicolae_shop_hallway_plus,
          nicolae_square_shop, nicolae_shop_bloodbath_and_beyond,
          nicolae_shop_behind_doors, minmay_fire_ice_demons
D:5:      layout_gridville, nicolae_overflow_hallway_of_the_gods
D:6:      layout_rooms, temple_green, serial_shops, nicolae_shop_statue_plus,
          st_stairs_13
D:7:      layout_rooms, nicolae_ossuary_entry_giza
D:8:      due_chaos_kobolds, layout_loops_corners, gammafunk_ghost_split,
          uniq_gastronok, uniq_grum, uniq_prince_ribbit1, uniq_pikel
D:9:      layout_basic, david_defended_altar_orc
D:10:     layout_long_grid, lair_entry_dummy, muffindrake_ghost_dual_entry,
          nicolae_trove_entry_crystal, minivault_22, nrook_uturn,
          kennysheep_pointless_box
D:11:     layout_loops_ring
D:12:     layout_basic, erik_orc_1, uniq_jorgrun
Temple:   eino_temple_rhombus
Lair:1:   lemuel_slime, layout_cave_pods, gauntlet_entry_generic,
          lemuel_fruit_tree, serial_bayou_shore_b, grunt_megastairs_1,
          uniq_fannar
Lair:2:   layout_hall_layers
Lair:3:   layout_loops_ring, elwin_shoals_entry_stream,
          nicolae_spider_entry_non_spiders
Lair:4:   layout_regular_city, minmay_slime_entry_oklob_enclosed
Lair:5:   due_jungle_book, layout_layer_cave, special_room
          [special_room_mythical_zoo], serial_rivers,
          chequers_serial_rivers_small_b, chequers_serial_rivers_marsh,
          chequers_serial_rivers_large_a, chequers_serial_rivers_micro_d,
          infiniplex_staircase_pool_2, uniq_urug
Orc:1:    layout_diamond_mine
Orc:2:    grunt_orc_cross, layout_diamond_mine, basic_altar,
          nicolae_orc_pool_cavern, guppyfry_library_mini, uniq_sonja,
          uniq_rupert

Skill      XL: |  1  2  3  4  5  6  7  8  9 10 11 12 13 14 |
---------------+-------------------------------------------+-----
Fighting       | 1 3 4 5 7 8 10 12 13 | 13.4
Earth Magic    | 4 5 6 7 8 10 11 12 13 14 | 14.5
Conjurations   | 2 3 4 6 8 10 11 | 11.5
Armour         | 4 6 7 |  7.8
Dodging        | 3 5 6 8 |  8.0
Fire Magic     | 1 3 |  3.0
Spellcasting   | 5 7 8 |  8.1
Stealth        | 6 |  6.0
Shields        | 5 |  5.2
Maces & Flails | 2 |  2.0
Transmutations | |  0.7

Action                   |  1- 3 |  4- 6 |  7- 9 | 10-12 | 13-15 || total
-------------------------+-------+-------+-------+-------+-------++-------
Melee: Unarmed           |     7 |       |       |       |       ||     7
       Mace              |     5 |    15 |   220 |   603 |   450 ||  1293
       Punch             |       |       |     2 |    11 |     8 ||    21
 Cast: Sandblast         |    50 |    43 |    98 |    38 |    22 ||   251
       Stone Arrow       |       |     3 |     4 |    59 |    22 ||    88
       Petrify           |       |       |       |     4 |     2 ||     6
       Dazzling Flash    |       |       |       |    13 |     5 ||    18
       Iron Shot         |       |       |       |    13 |   195 ||   208
       Lee's Rapid Decon |       |       |       |       |     9 ||     9
Evoke: Wand              |       |       |       |    19 |    18 ||    37
  Use: Potion            |     4 |       |     1 |     3 |     6 ||    14
       Scroll            |     1 |       |    14 |    12 |    10 ||    37
 Stab: Sleeping          |     1 |     1 |     2 |     3 |     2 ||     9
       Petrified         |       |       |       |     5 |     6 ||    11
       Invisible         |       |       |       |     7 |     3 ||    10
Armor: Robe              |    13 |    17 |    32 |       |       ||    62
       Skin              |    13 |       |       |       |       ||    13
       Leather armour    |       |       |   154 |       |       ||   154
       Troll leather arm |       |       |       |   455 |   449 ||   904
Dodge: Dodged            |    26 |    23 |   192 |   608 |   552 ||  1401
Block: Other             |       |       |     3 |   214 |    92 ||   309
       Reflection        |       |       |       |     5 |     8 ||    13
       Buckler           |       |       |       |       |    19 ||    19

Table legend: (Time is in decaauts)
 A = Elapsed time spent in this place.
 B = Non-inter-level travel time spent in this place.
 C = Inter-level travel time spent in this place.
 D = Time resting spent in this place.
 E = Time spent auto-exploring this place.
 F = Levels seen in this place.
 G = Mean time per level.
                   A        B        C        D        E       F      G
               +--------+--------+--------+--------+--------+-----+--------+
         Total |  22472 |  21082 |   1390 |   3493 |  12865 |  21 | 1070.1 |
       Dungeon |  12182 |  11179 |   1003 |    544 |   8284 |  12 | 1015.2 |
        Temple |     16 |      3 |     13 |      0 |      1 |   1 |   16.0 |
          Lair |   6389 |   6089 |    300 |   1370 |   3386 |   5 | 1277.8 |
  Orcish Mines |   3607 |   3534 |     73 |   1579 |   1068 |   2 | 1803.5 |
       Ossuary |    276 |    276 |      0 |      0 |    126 |   1 |  276.0 |
               +--------+--------+--------+--------+--------+-----+--------+

Top non-repeatable levels by time:
   Orc:2: 3443 daAuts
  Lair:5: 1386 daAuts
  Lair:2: 1348 daAuts
     D:5: 1335 daAuts
  Lair:3: 1260 daAuts
     D:4: 1240 daAuts
     D:8: 1232 daAuts
  Lair:4: 1199 daAuts
  Lair:1: 1194 daAuts
     D:9: 1081 daAuts
    D:10: 1056 daAuts
     D:3: 1014 daAuts
    D:11: 1008 daAuts
     D:1: 958 daAuts
     D:6: 925 daAuts
